Workbook

Sheet Logical Framework
A1: PROJECT NAME | B1: URBAN PARTNERSHIPS FOR POVERTY REDUCTION (UPPR)
A2: IMPACT | B2: Impact Indicator 1 | D2: 40513 | E2: 40878 | F2: 41244 | G2: 41609 | H2: December-14 * | I2: 42064 | J2: 42339
A3: Urban poverty in Bangladesh reduced | B3: Proportion of population below the national poverty line* | C3: Planned | D3: 0.213 | E3: =D3-1.4% -> 0.199 | F3: =E3-1.4% -> 0.185 | G3: =F3-1.4% -> 0.171 | H3: =G3-0.7% -> 0.164 | I3: N/A | J3: N/A
C4: Achieved | D4: 0.213 | E4: No HIES | F4: No HIES | G4: No HIES | H4: No HIES | I4: N/A | J4: N/A
D5: Source
D6: Bangladesh Bureau of Statistics (BBS) - Household Income and Expenditure Survey (HIES) *This indicator considers urban population only
B7: Impact Indicator 2 | D7: 40513 | E7: 40878 | F7: 41244 | G7: 41609 | H7: 41974 | I7: 42064 | J7: 42339
B8: Achievement in reaching MDG Indicator 7.10 Proportion of urban population living in slums | C8: Planned | D8: 61.6% (2009) | E8: 59.8 | F8: 58 | G8: 56.2 | H8: 54.4 | I8: N/A | J8: N/A
C9: Achieved | D9: 0.616 | E9: No Data | F9: No Data | G9: No Data | H9: No Data | I9: N/A | J9: N/A
D10: Source
D11: United Nations Statistics Division (UNSD) - Millennium Development Goals (MDGs) Global Monitoring Database
A12: *All Dec 2014 targets to be achieved by Aug 2014, except for the six cost extension phase targets set for Mar 2015. Indicator 3.4 nutrition targets are to be achieved Dec 13, 14 & 15
A14: OUTCOME | B14: Outcome Indicator 1 | D14: 40513 | E14: 40878 | F14: 41244 | G14: 41609 | H14: 41974 | I14: 42064 | J14: 42339 | K14: Assumptions
A15: Livelihoods and living conditions of 3 million poor and extreme poor people living in urban areas, especially women and children, sustainably improved | B15: % of beneficiary households (HH) multi-dimensionally poor by Multi-Dimensional Poverty Index (MPI) Average % (intensity) of deprivations among beneficiary households multi-dimensionally poor by MPI | C15: Planned - Multi-Dimensionally Poor | G15: 0.388 | H15: 0.381 | I15: N/A | J15: N/A | K15: -National economic growth does not decline significantly. -Government of Bangladesh economic policies become progressively pro-poor. -Government and development partners prioritize urban poverty reduction policies and programmes. -Political instability does not disrupt the programme.
C16: Achieved - Multi-Dimensionally Poor | I16: N/A | J16: N/A
C17: Planned - Intensity of Deprivation | G17: 0.475 | H17: 0.468 | I17: N/A | J17: N/A
C18: Achieved - Intensity of Deprivation | I18: N/A | J18: N/A
D19: Source
D20: Multi-Dimensional Poverty Index study to be conducted in sample of towns in 2013 and 2014.
B21: Outcome Indicator 2 | D21: 40513 | E21: 40878 | F21: 41244 | G21: 41609 | H21: 41974 | I21: 42064 | J21: 42339
B22: % poor settlements in Community Development Committees (CDCs) reporting at least 10% improvement in Water and Sanitation and Infrastructure conditions | C22: Planned | H22: 0.6 | I22: N/A | J22: N/A
C23: Achieved | I23: N/A | J23: N/A
D24: Source
D25: This will be a sample study in 2014 of settlements within Community Development Committees using the Settlement Land Mapping study of 2010 as a baseline - using this baseline, poor settlements scored 31 (from 100) on the Water and Sanitation Index and 39.3 (from 100) on the Infrastructure Index.
B26: Outcome Indicator 3 | D26: 40513 | E26: 40878 | F26: 41244 | G26: 41609 | H26: 41974 | I26: 42064 | J26: 42339
B27: % empowered women by the UPPR participatory women’s empowerment scorecard | C27: Planned | G27: 0.55 | H27: 0.6 | I27: N/A | J27: N/A
C28: Achieved | I28: N/A | J28: N/A
D29: Source
D30: The Women's Empowerment Scorecard Sample Study will be conducted in 2013 and 2014. Empowerment indicators and threshold will be determined in a participatory manner The 2013 study will consider progress up to 2013, from start of UPPR while the 2014 study will explore progress in the last 12 months as UPPR looks to build sustainability at community level.
B31: Outcome Indicator 4 | D31: 40513 | E31: 40878 | F31: 41244 | G31: 41609 | H31: 41974 | I31: 42064 | J31: 42339
B32: Key policy instruments influenced: - Two annual urban targets of Sixth Five Year Plan met - Formation of high level Ministerial Committee for Bangladesh Urban Forum - Establishment of permanent Secretariat for Bangladesh Urban Form - % of Pillar 6 targets of UNDAF achieved | C32: Planned - Two Annual Targets met | G32: Yes | H32: Yes | I32: N/A | J32: N/A
C33: Achieved - Two Annual Targets met | I33: N/A | J33: N/A
C34: Planned - High Level Committee | G34: Yes | H34: Yes | I34: N/A | J34: N/A
C35: Achieved - High Level Committee | I35: N/A | J35: N/A
C36: Planned - Secretariat | G36: Yes | H36: Yes | I36: N/A | J36: N/A
C37: Achieved - Secretariat | I37: N/A | J37: N/A
C38: Planned - Targets met | G38: 0.3 | H38: 0.4 | I38: N/A | J38: N/A
C39: Achieved - Targets met | I39: N/A | J39: N/A
D40: Source
D41: * Sixth Five Year Plan Annual Report * Bangladesh Urban Forum Records * UNDAF Annual Report
A42: INPUTS (£) | B42: DFID (£m) | D42: Govt (£m) | E42: Other (£m) | F42: Total (£m) | H42: DFID SHARE (%)
B43: =B85+B117+B185+B220+B265 -> 0
A44: INPUTS (HR) | B44: DFID (FTEs)
A50: OUTPUT 1 | B50: Output Indicator 1.1 | D50: 40513 | E50: 40878 | F50: 41244 | G50: 41609 | H50: 41974 | I50: 42064 | J50: 42339 | K50: Assumptions
A51: Urban poor communities mobilized to form representative and inclusive groups and prepare community action plans | B51: # of HH in supported low-income settlements socially mobilised into primary groups (PGs) | C51: All Households | K51: Pourashavas and CCs willing and able to respond to the demands of organized poor communities. Political economy and socio-cultural factors do not adversely affect the effective operation of groups.
C52: Planned - # HH in CDCs | D52: 420000 | E52: 600000 | F52: 700000 | G52: 700000 | H52: 700000 | I52: N/A | J52: N/A | M52: =H52*4.3 -> 3010000
C53: Achieved - # HH in CDCs | D53: 450937 | E53: 685433 | F53: 816242 | I53: N/A | J53: N/A
C54: Planned - # HH in PGs | D54: =D52*D56 -> 294000 | E54: =E52*E56 -> 420000 | F54: =F52*F56 -> 490000 | G54: =G52*G56 -> 518000 | H54: =H52*H56 -> 525000 | I54: N/A | J54: N/A
C55: Achieved - # HH in PGs | D55: 263265 | E55: 501838 | F55: 623595 | I55: N/A | J55: N/A
C56: Planned - % HH in PGs | D56: 0.7 | E56: 0.7 | F56: 0.7 | G56: 0.74 | H56: 0.75 | I56: N/A | J56: N/A
C57: Achieved - % HH in PGs | D57: =D55/D53 -> 0.5838177 | E57: =E55/E53 -> 0.73214742 | F57: =F55/F53 -> 0.76398299 | I57: N/A | J57: N/A
D58: Source
D59: * UPPR Form 1: Mobilisation data, including CDC and Primary Group membership demographics * UPPR use a factor of 4.3 to determine number of members per household * As the mobilisation target was exceeded by 2012, the focus will be placed upon strengthening mobilisation for the remainder of the project.
B60: Output Indicator 1.2 | D60: 40513 | E60: 40878 | F60: 41244 | G60: 41609 | H60: 41974 | I60: 42064 | J60: 42339
B61: % decision making positions (DMP) in community structures (CDC, Cluster and Federation) held by extreme poor and poor females and females from vulnerable and socially excluded households | C61: Planned: % DMP held by women from Extreme Poor and Poor households | F61: 0.85 | G61: 0.85 | H61: 0.85 | I61: N/A | J61: N/A
C62: Achieved: % DMP held by women from Extreme Poor & Poor households | F62: 0.88 | I62: N/A | J62: N/A
C63: Planned: % DMP held by females from vulnerable and socially excluded households | F63: 0.1 | G63: 0.1 | H63: 0.1 | I63: N/A | J63: N/A
C64: Achieved: % DMP held by females from vulnerable and socially excluded households | F64: 0.14 | I64: N/A | J64: N/A
D65: Source
D66: Participatory Identification of the Poor (PIP) database for CDCs only. The data above is based upon CDCs only. New data collection is required during 2013 for Clusters and Federations. Annual targets constant as no longer mobilising but focusing on sustainability.
B67: Output Indicator 1.3 | D67: 40513 | E67: 40878 | F67: 41244 | G67: 41609 | H67: 41974 | I67: 42064 | J67: 42339
B68: % of CDCs with a first Community Action Plan (CAP) and Repeat Community Action Plan (ReCAP) | C68: Planned - First CAP | F68: 0.8 | G68: 0.85 | H68: 0.9 | I68: N/A | J68: N/A
C69: Achieved - First CAP | F69: 0.79 | G69: 0.97 | I69: N/A | J69: N/A
C70: Planned - ReCAP | F70: 0.5 | G70: 0.55 | H70: 0.6 | I70: N/A | J70: N/A
C71: Achieved - ReCAP | F71: 0.45 | G71: 0.66 | I71: N/A | J71: N/A
D72: Source
D73: UPPR Form 2 - Mobilisation events including number of meetings and CAPs. * ReCAP is a percentage of all CDCs formed up to December 2011 (2,221). * The above figures are subject to verification as initial inquiries suggest ReCAP is undercounted. We plan to collect hardcopies of all CAPs and ReCAPs at HQ over Quarter 2 of 2013 and will update accordingly.
B74: Output Indicator 1.4 | D74: 40513 | E74: 40878 | F74: 41244 | G74: 41609 | H74: 41974 | I74: 42064 | J74: 42339
B75: Number of clusters participating in the ward-level planning pilot that are aligned to ward boundaries and registered with the appropriate authority | C75: Planned | I75: 10 | J75: N/A | L75: new activity for cost extension
C76: Achieved | J76: N/A
D77: Source
D78: Documentation of redrawn clusters and of registration shared with DFID
A79: IMPACT WEIGHTING (%) | B79: Output Indicator 1.5 | D79: 40513 | E79: 40878 | F79: 41244 | G79: 41609 | H79: 41974 | I79: 42064 | J79: 42339
A80: 0.2 | B80: Number of towns participating in the ward-level planning pilot that have developed climate change resilience strategies | C80: Planned | I80: 4 | J80: N/A | L80: new activity for cost extension
C81: Achieved | J81: N/A
D82: Source | K82: RISK RATING
D83: Documentation of the climate change resilience strategies shared with DFID | K83: Medium
A84: INPUTS (£) | B84: DFID (£m) | D84: Govt (£m) | E84: Other (£m) | H84: DFID SHARE (%)
A86: INPUTS (HR) | B86: DFID (FTEs)
A92: OUTPUT 2 | B92: Output Indicator 2.1 | D92: 40513 | E92: 40878 | F92: 41244 | G92: 41609 | H92: 41974 | I92: 42064 | J92: 42339 | K92: Assumptions
A93: Poor urban communities have healthy and secure living environments | B93: # of beneficiary households in supported low-income settlements to benefit from: - water facilities (tubewells and water reservoirs) - latrines - Drainage and footpath facilities | C93: Planned - Water Supply | D93: 149660 | E93: 225160 | F93: 162805 | G93: =SUM('SIF Budget & Benef. ''12-''14'!Z27:Z29) -> 192087.17 | H93: =SUM('SIF Budget & Benef. ''12-''14'!Z48:Z50) -> 195433.4 | I93: N/A | J93: N/A | K93: City-wide infrastructure and services needed for community-based projects to be viable in place. Formal and informal tenure of poor households and communities respected. Health and other service providers are effective and protect the interests of the poor and very poor.
C94: Achieved - Water Supply | D94: 100416 | E94: 123316 | F94: 166726 | I94: N/A | J94: N/A | M94: =E94-D94 -> 22900
C95: Planned - Latrine | D95: 67350 | E95: 99219 | F95: 135708 | G95: ='SIF Budget & Benef. ''12-''14'!Z25 -> 169279.91 | H95: ='SIF Budget & Benef. ''12-''14'!Z46 -> 173118.97 | I95: N/A | J95: N/A
C96: Achieved - Latrine | D96: 67760 | E96: 89901 | F96: 143163 | I96: N/A | J96: N/A | M96: =E96-D96 -> 22141
C97: Planned - Drain and Footpath | D97: 86060 | E97: 137860 | F97: 306983 | G97: =SUM('SIF Budget & Benef. ''12-''14'!Z30:Z31) -> 390701.81 | H97: =SUM('SIF Budget & Benef. ''12-''14'!Z51:Z52) -> 400224.77 | I97: N/A | J97: N/A | M97: =SUM(M94:M96) -> 45041
C98: Achieved - Drain and Footpath | D98: 151462 | E98: 203094 | F98: 324894 | I98: N/A | J98: N/A | M98: =SUM(M95:M97) -> 67182
D99: Source
D100: * UPPR Form 6: Settlement Improvement Fund (SIF) Activities (Quarterly) * UPPR SIF Database
B101: Output Indicator 2.2 | D101: 40513 | E101: 40878 | F101: 41244 | G101: 41609 | H101: 41974 | I101: 42064 | J101: 42339
B102: % HH members in CDCs with access to improved water source | C102: Planned | G102: 0.7 | H102: 0.7 | I102: N/A | J102: N/A
C103: Achieved | I103: N/A | J103: N/A
D104: Source
D105: * UPPR - Settlement Improvement Fund (SIF) Short-Term Outcome Sample Survey in 2013 and 2014. * Measuring acccess to the improved water source will include distance, time, water quality, litres per household member per day and maintenance.
B106: Output Indicator 2.3 | D106: 40513 | E106: 40878 | F106: 41244 | G106: 41609 | H106: 41974 | I106: 42064 | J106: 42339
B107: % HH members in CDCs with access to improved latrines | C107: Planned | G107: 0.7 | H107: 0.7 | I107: N/A | J107: N/A
C108: Achieved | I108: N/A | J108: N/A
D109: Source
D110: * UPPR - Settlement Improvement Fund (SIF) Short-Term Outcome Sample Survey in 2013 and 2014. * Measuring acccess to the improved latrine will include distance, time, maintenance and safety.
A111: IMPACT WEIGHTING (%) | B111: Output Indicator 2.4 | D111: 40513 | E111: 40878 | F111: 41244 | G111: 41609 | H111: 41974 | I111: 42064 | J111: 42339
A112: 0.3 | B112: % of SIF community contracts completed during the calendar year which took less than 12 months to finish | C112: Planned | F112: 0.7 | G112: 0.75 | H112: 0.75 | I112: N/A | J112: N/A
...

Sheet Supporting Notes
A1: Indicator | B1: Comments
A2: Proportion of population below the national poverty line* | B2: The Household Income and Expenditure Survey (HIES) is conducted at five year intervals. It should be conducted again in 2015.
A3: Achievement in reaching MDG goal 7 target 11, a significant improvement in the lives of at least 100 million slum dwellers by 2020 | B3: The wording reflects the indicator although it should be noted that this target was surpassed by 2010.
A4: Outcome Indicator 2: % poor settlements in Community Development Committees (CDCs) reporting at least 10% improvement in Settlement Living Conditions Index by 2014 | B4: The SLM focused on settlements rather than CDCs using 16 indicators across 5 sectors. It is proposed to undertake a follow-up study in a sample of these settlements focusing on Water and Sanitation and Infrastructure to see how many achieved at least a 10% improvement on their 2010 score. On average Water and Sanitation scored 31 and Infrastructure scored 39.3 from a maximum score of 100. It would be possible to compare settlements outside of CDCs although it should be noted that they may be receiving similar interventions from other organisations.
A5: Outcome Indicator 3: % empowered women by the UPPR participatory women’s empowerment scorecard | B5: The target of 50% in 2013 and 60% in 2014 is based in part on the experiences of the Chars Livelihood Project when undertaking a similar study. However given that the emphasis on female mobilisation and the urban context it is difficult to estimate when no baseline has been taken. UPPR will develop a participatory measure of empowerment with the support of a qualitative consultant.
A6: Outcome Indicator 4: Key policy instruments influenced: - Two annual urban targets of Sixth Five Year Plan met - Formation of high level Ministerial Committee for Bangladesh Urban Forum - Establishment of permanent Secretariat for Bangladesh Urban Form - % of Pillar 6 targets of UNDAF achieved | B6: These indicators are as discussed with DFID although UPPR/UNDP would like to retain the UNDAF indicator. Firstly the UNDAF is a significant policy space in Bangladesh. Secondly that UPPR was a key driver of the inclusion of urban poverty in the UNDAF is important. Thirdly UPPR is the major contributor to the success of UNDAF Pillar 6 as 80% of the towns covered are where UPPR works.
A7: % decision making positions (DMP) in community structures (CDC, Cluster and Federation) held by extreme poor and poor females and females from vulnerable and socially excluded households | B7: The targets of 85% and 10% respectively are based on project planning and supported by initial findings from our database. Some additional analysis is required before populating. Wording was adjusted since previous version which was in wrong order
A8: Output Indicator 1.3: % of CDCs with a first Community Action Plan (CAP) and Repeat Community Action Plan (ReCAP) | B8: As discussed in the meeting. The targets are based on expectations and initial findings from database. Some additional data cleaning is required before populating. There is a time lag in new CDCs undertaking CAP while some CDCs have been formed but are not funded so did not undertake a CAP.
A9: Output Indicator 2.1: # of beneficiary households in supported low-income settlements to benefit from: - water facilities (tubewells and water reservoirs) - latrines - Drainage and footpath facilities | B9: Wording of indicator changed for greater clarity with 2.2 and 2.3. Also targets for 2013 and 2014 adjusted in light of revised LGED unit costs.
A10: Output Indicator 2.2: % HH members with access to improved water source | B10: As discussed in the meeting, this will be a headline indicator but the score will be derived from a range of indicators including distance, water quality, security, etc.
A11: Output Indicator 2.3: % HH members with access to improved latrines | B11: As discussed in the meeting, this will be a headline indicator but the score will be derived from a range of indicators including distance, maintenance, security, etc.
A12: Output Indicator 2.4: % of SIF community contracts completed within 12 months of commencement | B12: Targets are based on expectations and initial analysis. There is a challenge in 2014 however given the shorter time frame for completion.
... A22: Output Indicator 5.4: % of female staff at HQ and Town levels | B22: The targets have been reduced to a more realistic level.

Sheet Baseline & Target Calculation
A1: URBAN PARTNERSHIPS FOR POVERTY REDUCTION (UPPR)
A2: Impact Indicator 1 | B2: Assumptions to Calculate Planned Baselines, Targets and Milestones
A3: Proportion of population below the national poverty line | B3: It is assumed that this indicator considers the urban population only. Urban poverty decreased from 28.4% (HIES 2005) to 21.3% (HIES 2010), that is, 7.1% over a five-year period, or 1.4% yearly and 0.7% half-yearly. It is assumed that this same decrease will take place during the programme
A7: Impact Indicator 2 | B7: Assumptions to Calculate Planned Baselines, Targets and Milestones
A8: Improved performance in reaching MDG goal 7 target 11 | B8: Target 11 of MDG 7 is "Have achieved by 2020 a significant improvement in the lives of at least 100 million slum dwellers" and its Indicator 32 is "Proportion of households with access to secure tenure". UN-HABITAT defines the calculation of this indicator as: "1 minus the percentage of the urban population that lives in slums". The 2011 Bangladesh census will provide an estimate of this indicator in line with the official MDG Guidelines.The actual proportion of people living in slums is measured by a proxy, represented by the urban population living in households with at least one of the four characteristics: (a) lack of access to improved water supply; (b) lack of access to improved sanitation; (c) overcrowding (3 or more persons per room); and (d) dwellings made of non-durable material. Otherwise, UN-HABITAT defines a slum household as "a group of individuals living under the same roof who lack one or more (in some cities, two or more) of the following conditions: (a) security of tenure, (b) structural quality and durability of dwellings, (c) access to safe water, (d) access to sanitation facilities and sufficient living area". Bangladesh 2009 MDG report: According to the 2001 Population Census, approximately 31 million people (23% of the population) lived in urban areas, of which 7.8% resided in slums. The vast majority lives in six city corporations and approximately 300 municipalities. The urban population is increasing at the rate of 3-6% per annum. The urban population is expected to reach 50 million 2050 surpassing the rural population before 2050. The 2009 MDG Report cites insufficient data to monitor this indicator and no target is defined for 2015. Indicator Metadata as described in the UNSD MDG database Goal 7. Ensure environmental sustainability Target 7.D: By 2020, to have achieved a significant improvement in the lives of at least 100 million slum dwellers Indicator: 7.10 Proportion of urban population living in slums The Proportion of urban population living in slums is the proportion of urban population living in slum households. A slum household is defined as a group of individuals living under the same roof lacking one or more1 of the following conditions: * Access to improved water * Access to improved sanitation * Sufficient-living area * Durability of housing * Security of tenure However, since information on secure tenure is not available for most of the countries, only the first four indicators are used to define slum household, and then to estimate the proportion of urban population living in slums. Access to improved water: Improved drinking water technologies are more likely to provide safe drinking water than those characterized as unimproved. A household is considered to have access to an improved water supply if it uses improved drinking water sources or delivery points (listed below). Improved drinking water sources include: piped water into dwelling, plot or yard; public tap/standpipe; tube well/borehole; protected dug well; protected spring; and rainwater collection. Unimproved drinking water sources include: unprotected dug well; unprotected spring; cart with small tank/drum; bottled water2 ; tanker-truck; and surface water (river, dam, lake, pond, stream, canal, irrigation channels). Access to improved sanitation: Improved sanitation facilities are more likely to prevent human contact with human excreta than unimproved facilities. A household is considered to have access to improved sanitation if it uses improved sanitation facilities (listed below). Improved sanitation facilities3 include: flush or pour-flush to piped sewer system, septic tank or pit latrine; ventilated improved pit latrine; pit latrine with slab; and composting toilet. Unimproved sanitation facilities include: flush or pour-flush to elsewhere4 ; pit latrine without slab or open pit; bucket; hanging toilet or hanging latrine; no facilities or bush or field. Durability of housing: A house is considered "durable" if it is built on a non-hazardous location and has a structure permanent and adequate enough to protect its inhabitants from the extremes of climatic conditions, such as rain, heat, cold and humidity. Sufficient living area: A house is considered to provide a sufficient living area for the household members if not more than three people share the same habitable (minimum of four square meters) room. Secure tenure: Secure tenure is the right of all individuals and groups to effective protection by the State against arbitrary unlawful evictions. People have secure tenure when there is evidence of documentation that can be used as proof of secure tenure status or when there is either de facto or perceived protection against forced evictions. 1 According to the situation in a specific city this definition may be locally adapted. For example, in Rio de Janeiro living area is insufficient for both the middle classes and the slum population and is not a good discriminator. It could either be omitted, or it could be formulated as two or more of the conditions such as overcrowding and durability of housing. 2 Bottled water is considered improved only when the household uses water from an improved source for cooking and personal hygiene. 3 Only facilities, which are not shared or are not public are considered improved. 4 Excreta are flushed to the street, yard or plot, open sewer, a ditch, a drainage way or other location.
A16: Outcome Indicator 1 | B16: Assumptions to Calculate Planned Baselines, Targets and Milestones
A17: % of beneficiary households multi-dimensionally poor Average % (intensity) of deprivations among beneficiary households multi-dimensionally poor | B17: MPI Dimension | C17: Indicator | D17: Household is deprived if | E17: Related to | F17: Relative Weight
B18: Education | C18: Years of Schooling | D18: No household member has completed five years of schooling | E18: MDG 2 | F18: 0.167
B19: Education | C19: Child School Attendance | D19: Any school-aged child is not attending school in years 1 to 8 | E19: MDG 2 | F19: 0.167
B20: Health | C20: Mortality | D20: Any child has died in the family | E20: MDG 4 | F20: 0.167
B21: Health | C21: Nutrition | D21: Any adult or child for whom there is nutritional information is malnourished | E21: MDG 1 | F21: 0.167
B22: Standard of Living | C22: Electricity | D22: The household has no electricity | E22: MDG 7 | F22: 0.056
B23: Standard of Living | C23: Sanitation | D23: The household's sanitation facility is not improved (according to MDG guidelines), or it is improved but shared with other households | E23: MDG 7 | F23: 0.056
B24: Standard of Living | C24: Water | D24: The household does not have access to clean drinking water (according to MDG guidelines), or clean water is more than 30 minutes walking from home | E24: MDG 7 | F24: 0.056
B25: Standard of Living | C25: Floor | D25: The household has dirt, sand or dung floor | E25: MDG 7 | F25: 0.056
B26: Standard of Living | C26: Cooking Fuel | D26: The household cooks with dung, wood or charcoal | E26: MDG 7 | F26: 0.056
B27: Standard of Living | C27: Assets | D27: The hosuehold does not own more than one of: radio, TV, telephone, bike, motorbike or refrigerator, and does not own a car or a truck. | E27: MDG 7 | F27: 0.056
B29: A household is considered multi-dimensionally poor if it is deprived in 30% or more dimensions UNDP estimates that 57.8% of households in Bangladesh are multi-dimensionally poor and that the average intensity of deprivations among multi-dimensionally poor households is 50.4%.
A30: Outcome Indicator 2 | B30: Assumptions to Calculate Planned Baselines, Targets and Milestones
A31: % of beneficiary extreme poor children under 5 years old: -stunted -underweight -wasted -anaemic | B31: DFID will conduct impact evaluation to obtain the baseline.
B32: Then targets will be interpolated using the nutrition intervention logframe, which assumes the following changes fom the baseline:
C34: Year 1 | D34: Year 2 | E34: Year 3
B35: Stunting | C35: 1% reduction | D35: 2% reduction | E35: 3% reduction
B36: Underweight | C36: 2% reduction | D36: 4% reduction | E36: 6% reduction
B37: Wasting | C37: 1% reduction in wasting | D37: 2% reduction | E37: 3% reduction
B38: Anaemia | C38: 5% reduction for children below 2 years 1% reduction for children 2-5 years | D38: 10% reduction for children below 2 years 2% reduction for children 2-5 years | E38: 15% reduction for children below 2 years 3% reduction for children 2-5 years
A39: Outcome Indicator 3 | B39: Assumptions to Calculate Planned Baselines, Targets and Milestones
A40: Average % Improvement in UPPR Community Living Conditions Index*, after 3 years of joining the programme
A44: Outcome Indicator 4 | B44: Assumptions to Calculate Planned Baselines, Targets and Milestones
A45: Average % Improvement in UPPR Women's Empowerment Index
A49: Outcome Indicator 4 | B49: Assumptions to Calculate Planned Baselines, Targets and Milestones
A50: # of poor and extremely poor beneficiary households in supported low-income settlements where at least one member is accessing to Government or other safety nets and social assistance | B50: According to the UPPR Pilot Census conducted in Bihary Colony in Naogaon, in 8.5% of households a member is accessing Government safety nets and social assistance. This estimate includes non-poor households. The sample surveyed was 271 households. These were asked "Does any household member access to Government safety nets and/or other assistance?" 0-No Access (91.5%), 11-Maternity Allowance (0%), 12-VGF/VGD (0%), 13-Rehabilitation of divorced/abandoned woman (0%), 14-Girl's education stipend (0%), 15-Old-aged allowance/pension (8.5%), 16-Disability allowance (0%), 17-Freedom fighter's allowance (0%), 18-100 days employment programme (0%), 19-SOS children's village (0%), 20-Juvenile Center (0%), 21-Orphanage (0%), 22-Other (0%).
A58: Output Indicator 1.1 | B58: Assumptions to Calculate Planned Baselines, Targets and Milestones
A59: # of households in supported low-income settlements socially mobilised into primary groups (PGs) | B59: It is assumed that 70% of all mobilized households will be organized into PGs. Once mobilisation is complete in 2012, it is assumed that this percentage will increase to 74% by the end of 2013 and to 75% by the end of the programme. It is assumed that these percentages must also hold for the four categories of vulnerable households. While it is possible to estimate mobilization rates for all households, this remains complex in the case of vulnerable households. Average household size is estimated at 4.31 individuals per household (national average).
A66: Output Indicator 1.2 | B66: Assumptions to Calculate Planned Baselines, Targets and Milestones
A67: # poor homeless people supported under the programme | B67: It is assumed that 2,500 homeless people will be supported by the programme each year from 2010 to 2013, and that in 2014 1,250 homeless people will be supported.
F69: Cumulative Number
B70: Number of homeless people supported under the programme by end 2010 | E70: =2500 -> 2500 | F70: =SUM(E70:E70) -> 2500
B71: Number of homeless people supported under the programme by end 2011 | E71: =2500 -> 2500 | F71: =SUM(E70:E71) -> 5000
B72: Number of homeless people supported under the programme by end 2012 | E72: 500 | F72: =SUM(E70:E72) -> 5500
B73: Number of homeless people supported under the programme by end 2013 | E73: 500 | F73: =SUM(E70:E73) -> 6000
B74: Number of homeless people supported under the programme by August 2014 | E74: 500 | F74: =SUM(E70:E74) -> 6500
A75: Output Indicator 1.3 | B75: Assumptions to Calculate Planned Baselines, Targets and Milestones
A76: % of households satisfied with CDCs/PGs performance | B76: It is assumed that at least 70% of households will be satisfied with the performance of CDCs and PGs.
A82: Output Indicator 2.1 | B82: Assumptions to Calculate Planned Baselines, Targets and Milestones
A83: # of beneficiary households in supported low-income settlements provided with improved access to: -water facilities (tubewells and water reservoirs) -sanitation facilities (latrines) -drainage facilities -footpath facilities -cooking stoves | B83: The estimated number of beneficiary households per SIF investments are: -Shallow tubewell: 15 HH -Deep tubewell: 50 HH -Water Reservoirs: 50 HH -Latrines with septic tanks: 3 HH -Community latrines: 50 HH -Improved cooking stoves: 1 HH -Drainage: 500 HH per km -Footpaths: 500 HH per km
B85: The SIF Budget Projection Tool 2007-2011 was used in previous logical frameworks to estimate the number of planned tubewell, water reservoir, latrine and drainage beneficiaries. The tool did not contain information on footpaths or improved cooking stoves. For 2012-2014 Targets see SIF Budget and Beneficiaries Projection Tool 2012-2014 sheet
B87: Number of Tubewell Beneficiaries | E87: Yearly Target | F87: Cumulative
B88: Number of Tubewell Beneficiaries in 2008 | E88: =13580 -> 13580 | F88: =E88 -> 13580
B89: Number of Tubewell Beneficiaries in 2009 | E89: =20680 -> 20680 | F89: =SUM(E88:E89) -> 34260
B90: Number of Tubewell Beneficiaries in 2010 | E90: 51800 | F90: =SUM(E88:E90) -> 86060
B91: Number of Tubewell Beneficiaries in 2011 | E91: 51800 | F91: =SUM(E88:E91) -> 137860
B93: Number of Water Reservoir Beneficiaries | E93: Yearly Target | F93: Cumulative
B94: Number of Water Reservoir Beneficiaries in 2008 | E94: =27000 -> 27000 | F94: =E94 -> 27000
B95: Number of Water Reservoir Beneficiaries in 2009 | E95: =12900 -> 12900 | F95: =SUM(E94:E95) -> 39900
B96: Number of Water Reservoir Beneficiaries in 2010 | E96: 23700 | F96: =SUM(E94:E96) -> 63600
B97: Number of Water Reservoir Beneficiaries in 2011 | E97: =23700 -> 23700 | F97: =SUM(E94:E97) -> 87300
B99: Number of Latrine Beneficiaries | E99: Yearly Target | F99: Cumulative
B100: Number of Latrine Beneficiaries in 2008 | E100: 12426 | F100: =E100 -> 12426
B101: Number of Latrine Beneficiaries in 2009 | E101: 23055 | F101: =SUM(E100:E101) -> 35481
B102: Number of Latrine Beneficiaries in 2010 | E102: 31869 | F102: =SUM(E100:E102) -> 67350
B103: Number of Latrine Beneficiaries in 2011 | E103: 31869 | F103: =SUM(E100:E103) -> 99219
B105: Number of Drainage Beneficiaries | E105: Yearly Target | F105: Cumulative
B106: Number of Drainage Beneficiaries in 2008 | E106: =13580 -> 13580 | F106: =E106 -> 13580
B107: Number of Drainage Beneficiaries in 2009 | E107: =20680 -> 20680 | F107: =SUM(E106:E107) -> 34260
B108: Number of Drainage Beneficiaries in 2010 | E108: 51800 | F108: =SUM(E106:E108) -> 86060
B109: Number of Drainage Beneficiaries in 2011 | E109: 51800 | F109: =SUM(E106:E109) -> 137860
A116: Output Indicator 3.1 | B116: Assumptions to Calculate Planned Baselines, Targets and Milestones
A117: # of beneficaries in supported low-income settlements receiving: -skills development training (apprenticeships) -small enterprise block grant | B117: The SEF Budget Projection Tool 2007-2011 was used since 2007 to estimate the number of planned apprenticeship and BG beneficiaries
B118: For 2012-2014 Targets see SEF Budget and Beneficiaries Projection Tool 2012-2014 sheet
B120: Apprenticeship Beneficiaries
C121: Planned | E121: Achieved
C122: Yearly | D122: Cumulative | E122: Yearly | F122: Cumulative
B123: # Beneficiaries in 2007 | C123: 289 | D123: =C123 -> 289 | E123: 346 | F123: =E123 -> 346
B124: # Beneficiaries in 2008 | C124: 2698 | D124: =C124+D123 -> 2987 | E124: 2651 | F124: =F123+E124 -> 2997
B125: # Beneficiaries in 2009 | C125: 8145 | D125: =C125+D124 -> 11132 | E125: 7422 | F125: =F124+E125 -> 10419
B126: # Beneficiaries in 2010 | C126: 13334 | D126: =C126+D125 -> 24466 | E126: 14372 | F126: =F125+E126 -> 24791
B127: # Beneficiaries in 2011 | C127: 13334 | D127: =C127+D126 -> 37800 | E127: 13942 | F127: =F126+E127 -> 38733
B129: Block Grant Beneficiaries
C130: Planned | E130: Achieved
C131: Yearly | D131: Cumulative | E131: Yearly | F131: Cumulative
B132: # Beneficiaries in 2007 | C132: 127 | D132: =C132 -> 127 | E132: 89 | F132: =E132 -> 89
B133: # Beneficiaries in 2008 | C133: 498 | D133: =C133+D132 -> 625 | E133: 638 | F133: =F132+E133 -> 727
B134: # Beneficiaries in 2009 | C134: 8446 | D134: =C134+D133 -> 9071 | E134: 6731 | F134: =F133+E134 -> 7458
B135: # Beneficiaries in 2010 | C135: 12638 | D135: =C135+D134 -> 21709 | E135: 12583 | F135: =F134+E135 -> 20041
B136: # Beneficiaries in 2011 | C136: 12638 | D136: =C136+D135 -> 34347 | E136: 35498 | F136: =F135+E136 -> 55539
A138: Output Indicator 3.2 | B138: Assumptions to Calculate Planned Baselines, Targets and Milestones
A139: % of female and male beneficaries in supported low-income settlements who are employed 3 months to 1 year after receiving: -skills development training (apprenticeships) -small enterprise block grant | B139: It is assumed that 60% of apprenticeship and block grant beneficiaries will be employed 3 months to 1 year after receiving the training or grant.
A141: Output Indicator 3.3 | B141: Assumptions to Calculate Planned Baselines, Targets and Milestones
A142: # of female and male children-years of education delivered in supported low-income settlements by: -primary school -secondary school | B142: The SEF Budget Projection Tool 2007-2011 was used since 2007 to estimate the number of planned children-years of education
B143: For 2012-2014 Targets see SEF Budget and Beneficiaries Projection Tool 2012-2014 sheet
B145: Education Grant Beneficiaries
C146: Planned | E146: Achieved
C147: Yearly | D147: Cumulative | E147: Yearly | F147: Cumulative
B148: # Beneficiaries in 2007 | C148: 20 | D148: =C148 -> 20 | E148: 0 | F148: =E148 -> 0
B149: # Beneficiaries in 2008 | C149: 1412 | D149: =C149+D148 -> 1432 | E149: 1108 | F149: =F148+E149 -> 1108
B150: # Beneficiaries in 2009 | C150: 6554 | D150: =C150+D149 -> 7986 | E150: 8395 | F150: =F149+E150 -> 9503
B151: # Beneficiaries in 2010 | C151: 14182 | D151: =C151+D150 -> 22168 | E151: 14650 | F151: =F150+E151 -> 24153
B152: # Beneficiaries in 2011 | C152: 14182 | D152: =C152+D151 -> 36350 | E152: 23224 | F152: =F151+E152 -> 47377
A154: Output Indicator 3.4 | B154: Assumptions to Calculate Planned Baselines, Targets and Milestones
...

Sheet SIF Budget & Benef. '12-'14
A1: ORIGINAL CALCULATION | J1: REVISED BUDGET | S1: USING GOVERNMENT RATES FOR 2013 AND 2014
A2: 2012 SIF Budget | B2: 11000000 | J2: 2012 SIF Budget | K2: 10500000 | S2: 2012 SIF Budget | T2: 10500000
A3: SIF Benefits | B3: Proj. Share of Budget | C3: Proj. Budget | D3: Est. Unit Cost | E3: Projected Number of Units | F3: Est. Number of Beneficiary HH per Unit | G3: Proj. Number of Beneficiary HH | H3: Proj. Cumulative Number of Beneficiary HH | I3: Achieved to 2011 | J3: SIF Benefits | K3: Proj. Share of Budget | L3: Proj. Budget | M3: Est. Unit Cost | N3: Projected Number of Units | O3: Est. Number of Beneficiary HH per Unit | P3: Proj. Number of Beneficiary HH | Q3: Proj. Cumulative Number of Beneficiary HH | R3: Achieved to 2011 | S3: SIF Benefits | T3: Proj. Share of Budget | U3: Proj. Budget | V3: Est. Unit Cost | W3: Projected Number of Units | X3: Est. Number of Beneficiary HH per Unit | Y3: Proj. Number of Beneficiary HH | Z3: Proj. Cumulative Number of Beneficiary HH | AA3: Achieved to 2011
A4: Latrines | B4: 0.34 | C4: 3740000 | D4: 350 | E4: 10686 | F4: 3 | G4: 32057 | H4: 135708 | I4: 89901 | J4: Latrines | K4: 0.34 | L4: =$K$2*K4 -> 3570000 | M4: 350 | N4: =L4/M4 -> 10200 | O4: 3 | P4: =N4*O4 -> 30600 | Q4: =SUM(P4:P5)+R4 -> 133626 | R4: 89901 | S4: Latrines | T4: 0.34 | U4: =$T$2*T4 -> 3570000 | V4: 350 | W4: =U4/V4 -> 10200 | X4: 3 | Y4: =W4*X4 -> 30600 | Z4: =AA4+Y4+Y5 -> 133626 | AA4: 89901
A5: Community Latrines | B5: 0.05 | C5: 550000 | D5: 2000 | E5: 275 | F5: 50 | G5: 13750 | J5: Community Latrines | K5: 0.05 | L5: =$K$2*K5 -> 525000 | M5: 2000 | N5: =L5/M5 -> 262.5 | O5: 50 | P5: =N5*O5 -> 13125 | S5: Community Latrines | T5: 0.05 | U5: =$T$2*T5 -> 525000 | V5: 2000 | W5: =U5/V5 -> 262.5 | X5: 50 | Y5: =W5*X5 -> 13125
A6: Shallow Tubewells | B6: 0.05 | C6: 550000 | D6: 400 | E6: 1375 | F6: 15 | G6: 20625 | H6: 139618 | I6: 113070 | J6: Shallow Tubewells | K6: 0.05 | L6: =$K$2*K6 -> 525000 | M6: 400 | N6: =L6/M6 -> 1312.5 | O6: 15 | P6: =N6*O6 -> 19687.5 | Q6: =P6+P7+R6 -> 138411.35 | R6: 113070 | S6: Shallow Tubewells | T6: 0.05 | U6: =$T$2*T6 -> 525000 | V6: 400 | W6: =U6/V6 -> 1312.5 | X6: 15 | Y6: =W6*X6 -> 19687.5 | Z6: =AA6+Y6+Y7 -> 138411.35 | AA6: 113070
A7: Deep Tubewells | B7: 0.07 | C7: 770000 | D7: 6500 | E7: 118 | F7: 50 | G7: 5923 | J7: Deep Tubewells | K7: 0.07 | L7: =$K$2*K7 -> 735000 | M7: 6500 | N7: =L7/M7 -> 113.07692 | O7: 50 | P7: =N7*O7 -> 5653.8462 | S7: Deep Tubewells | T7: 0.07 | U7: =$T$2*T7 -> 735000 | V7: 6500 | W7: =U7/V7 -> 113.07692 | X7: 50 | Y7: =W7*X7 -> 5653.8462
A8: Water Reservoirs | B8: 0.02 | C8: 220000 | D8: 850 | E8: 259 | F8: 50 | G8: 12941 | H8: 23187 | I8: 10246 | J8: Water Reservoirs | K8: 0.02 | L8: =$K$2*K8 -> 210000 | M8: 850 | N8: =L8/M8 -> 247.05882 | O8: 50 | P8: =N8*O8 -> 12352.941 | Q8: =P8+R8 -> 22598.941 | R8: 10246 | S8: Water Reservoirs | T8: 0.02 | U8: =$T$2*T8 -> 210000 | V8: 850 | W8: =U8/V8 -> 247.05882 | X8: 50 | Y8: =W8*X8 -> 12352.941 | Z8: =AA8+Y8 -> 22598.941 | AA8: 10246
A9: Drains (km) | B9: 0.1 | C9: 1100000 | D9: 15000 | E9: 73 | F9: 500 | G9: 36667 | H9: 97512 | I9: 60845 | J9: Drains (km) | K9: 0.1 | L9: =$K$2*K9 -> 1050000 | M9: 15000 | N9: =L9/M9 -> 70 | O9: 500 | P9: =N9*O9 -> 35000 | Q9: =P9+R9 -> 95845 | R9: 60845 | S9: Drains (km) | T9: 0.1 | U9: =$T$2*T9 -> 1050000 | V9: 15000 | W9: =U9/V9 -> 70 | X9: 500 | Y9: =W9*X9 -> 35000 | Z9: =AA9+Y9 -> 95845 | AA9: 60845
A10: Footpaths (km) | B10: 0.11 | C10: 1210000 | D10: 9000 | E10: 134 | F10: 500 | G10: 67222 | H10: 209471 | I10: 142249 | J10: Footpaths (km) | K10: 0.11 | L10: =$K$2*K10 -> 1155000 | M10: 9000 | N10: =L10/M10 -> 128.33333 | O10: 500 | P10: =N10*O10 -> 64166.667 | Q10: =P10+R10 -> 206415.67 | R10: 142249 | S10: Footpaths (km) | T10: 0.11 | U10: =$T$2*T10 -> 1155000 | V10: 9000 | W10: =U10/V10 -> 128.33333 | X10: 500 | Y10: =W10*X10 -> 64166.667 | Z10: =AA10+Y10 -> 206415.67 | AA10: 142249
A11: Comm. Piped Water Supply | B11: 0.02 | C11: 220000 | D11: 75000 | E11: 3 | F11: 1000 | G11: 2933 | H11: ?? | J11: Comm. Piped Water Supply | K11: 0.02 | L11: =$K$2*K11 -> 210000 | M11: 75000 | N11: =L11/M11 -> 2.8 | O11: 1000 | P11: =N11*O11 -> 2800 | S11: Comm. Piped Water Supply | T11: 0.02 | U11: =$T$2*T11 -> 210000 | V11: 75000 | W11: =U11/V11 -> 2.8 | X11: 1000 | Y11: =W11*X11 -> 2800
A12: Cooking Stoves | B12: 0.09 | C12: 990000 | D12: 12 | E12: 82500 | F12: 1 | G12: 82500 | H12: 124805 | I12: 42305 | J12: Cooking Stoves | K12: 0.09 | L12: =$K$2*K12 -> 945000 | M12: 12 | N12: =L12/M12 -> 78750 | O12: 1 | P12: =N12*O12 -> 78750 | Q12: =P12+R12 -> 121055 | R12: 42305 | S12: Cooking Stoves | T12: 0.09 | U12: =$T$2*T12 -> 945000 | V12: 12 | W12: =U12/V12 -> 78750 | X12: 1 | Y12: =W12*X12 -> 78750 | Z12: =AA12+Y12 -> 121055 | AA12: 42305
A13: Tubewell Platform | B13: 0.02 | C13: 220000 | D13: 40 | E13: 5500 | F13: 15 | G13: 82500 | J13: Tubewell Platform | K13: 0.02 | L13: =$K$2*K13 -> 210000 | M13: 40 | N13: =L13/M13 -> 5250 | O13: 15 | P13: =N13*O13 -> 78750 | S13: Tubewell Platform | T13: 0.02 | U13: =$T$2*T13 -> 210000 | V13: 40 | W13: =U13/V13 -> 5250 | X13: 15 | Y13: =W13*X13 -> 78750
A14: Market Shades | B14: 0 | C14: 33000 | D14: 7000 | E14: 5 | F14: 200 | G14: 943 | J14: Market Shades | K14: 0.003 | L14: =$K$2*K14 -> 31500 | M14: 7000 | N14: =L14/M14 -> 4.5 | O14: 200 | P14: =N14*O14 -> 900 | S14: Market Shades | T14: 0.003 | U14: =$T$2*T14 -> 31500 | V14: 7000 | W14: =U14/V14 -> 4.5 | X14: 200 | Y14: =W14*X14 -> 900
A15: Street Lights | B15: 0 | C15: 22000 | D15: 120 | E15: 183 | F15: 50 | G15: 9167 | J15: Street Lights | K15: 0.002 | L15: =$K$2*K15 -> 21000 | M15: 120 | N15: =L15/M15 -> 175 | O15: 50 | P15: =N15*O15 -> 8750 | S15: Street Lights | T15: 0.002 | U15: =$T$2*T15 -> 21000 | V15: 120 | W15: =U15/V15 -> 175 | X15: 50 | Y15: =W15*X15 -> 8750
A16: Pond Excavations | B16: 0 | C16: 22000 | D16: 6000 | E16: 4 | F16: 200 | G16: 733 | J16: Pond Excavations | K16: 0.002 | L16: =$K$2*K16 -> 21000 | M16: 6000 | N16: =L16/M16 -> 3.5 | O16: 200 | P16: =N16*O16 -> 700 | S16: Pond Excavations | T16: 0.002 | U16: =$T$2*T16 -> 21000 | V16: 6000 | W16: =U16/V16 -> 3.5 | X16: 200 | Y16: =W16*X16 -> 700
A17: Faecal sludge management | B17: 0.02 | C17: 220000 | D17: 19000 | E17: 12 | F17: 1000 | G17: 11579 | J17: Faecal sludge management | K17: 0.02 | L17: =$K$2*K17 -> 210000 | M17: 19000 | N17: =L17/M17 -> 11.052632 | O17: 1000 | P17: =N17*O17 -> 11052.632 | S17: Faecal sludge management | T17: 0.02 | U17: =$T$2*T17 -> 210000 | V17: 19000 | W17: =U17/V17 -> 11.052632 | X17: 1000 | Y17: =W17*X17 -> 11052.632
A18: WASH in School | B18: 0.03 | C18: 330000 | D18: 8000 | E18: 41 | F18: 300 | G18: 12375 | J18: WASH in School | K18: 0.03 | L18: =$K$2*K18 -> 315000 | M18: 8000 | N18: =L18/M18 -> 39.375 | O18: 300 | P18: =N18*O18 -> 11812.5 | S18: WASH in School | T18: 0.03 | U18: =$T$2*T18 -> 315000 | V18: 8000 | W18: =U18/V18 -> 39.375 | X18: 300 | Y18: =W18*X18 -> 11812.5
A19: community center | B19: 0.03 | C19: 330000 | D19: 40000 | E19: 8 | F19: 1000 | G19: 8250 | J19: community center | K19: 0.03 | L19: =$K$2*K19 -> 315000 | M19: 40000 | N19: =L19/M19 -> 7.875 | O19: 1000 | P19: =N19*O19 -> 7875 | S19: community center | T19: 0.03 | U19: =$T$2*T19 -> 315000 | V19: 40000 | W19: =U19/V19 -> 7.875 | X19: 1000 | Y19: =W19*X19 -> 7875
A20: Shelter improvement | B20: 0.03 | C20: 330000 | D20: 200 | E20: 1650 | F20: 1 | G20: 1650 | J20: Shelter improvement | K20: 0.03 | L20: =$K$2*K20 -> 315000 | M20: 200 | N20: =L20/M20 -> 1575 | O20: 1 | P20: =N20*O20 -> 1575 | S20: Shelter improvement | T20: 0.03 | U20: =$T$2*T20 -> 315000 | V20: 200 | W20: =U20/V20 -> 1575 | X20: 1 | Y20: =W20*X20 -> 1575
A21: Others | B21: 0.01 | C21: 143000 | J21: Others | K21: 0.013 | L21: =$K$2*K21 -> 136500 | S21: Others | T21: 0.013 | U21: =$T$2*T21 -> 136500
B22: 1 | C22: 11000000 | K22: 1 | L22: =$K$2*K22 -> 10500000 | T22: 1 | U22: =$T$2*T22 -> 10500000
A23: 2013 SIF Budget | B23: 11000000 | J23: 2013 SIF Budget | K23: 10000000 | S23: 2013 SIF Budget | T23: 10000000
A24: SIF Benefits | B24: Proj. Share of Budget | C24: Proj. Budget | D24: Est. Unit Cost | E24: Projected Number of Units | F24: Est. Number of Beneficiary HH per Unit | G24: Proj. Number of Beneficiary HH | H24: Proj. Cumulative Number of Beneficiary HH | I24: Target for 2012 | J24: SIF Benefits | K24: Proj. Share of Budget | L24: Proj. Budget | M24: Est. Unit Cost | N24: Projected Number of Units | O24: Est. Number of Beneficiary HH per Unit | P24: Proj. Number of Beneficiary HH | Q24: Proj. Cumulative Number of Beneficiary HH | S24: SIF Benefits | T24: Proj. Share of Budget | U24: Proj. Budget | V24: Est. Unit Cost | W24: Projected Number of Units | X24: Est. Number of Beneficiary HH per Unit | Y24: Proj. Number of Beneficiary HH | Z24: Proj. Cumulative Number of Beneficiary HH | AB24: in Log Frame | AC24: LGED RATE 2012
A25: Latrines | B25: 0.3 | C25: 3300000 | D25: 350 | E25: 9429 | F25: 3 | G25: 28286 | H25: 177744 | I25: 135708 | J25: Latrines | K25: 0.34 | L25: =$K$23*K25 -> 3400000 | M25: 350 | N25: =L25/M25 -> 9714.2857 | O25: 3 | P25: =N25*O25 -> 29142.857 | Q25: =P25+P26+Q4 -> 175268.86 | R25: Latrines | S25: Latrines | T25: 0.34 | U25: =$T$23*T25 -> 3400000 | V25: 410 | W25: =U25/V25 -> 8292.6829 | X25: 3 | Y25: =W25*X25 -> 24878.049 | Z25: =Y25+Y26+Z4 -> 169279.91 | AA25: Latrines | AB25: 350 | AC25: 410
A26: Community Latrines | B26: 0.05 | C26: 550000 | D26: 2000 | E26: 275 | F26: 50 | G26: 13750 | J26: Community Latrines | K26: 0.05 | L26: =$K$23*K26 -> 500000 | M26: 2000 | N26: =L26/M26 -> 250 | O26: 50 | P26: =N26*O26 -> 12500 | R26: Community Latrines | S26: Community Latrines | T26: 0.05 | U26: =$T$23*T26 -> 500000 | V26: 2320 | W26: =U26/V26 -> 215.51724 | X26: 50 | Y26: =W26*X26 -> 10775.862 | AA26: Community Latrines | AB26: 2000 | AC26: 2320
A27: Shallow Tubewells | B27: 0.05 | C27: 550000 | D27: 400 | E27: 1375 | F27: 15 | G27: 20625 | H27: 166166 | I27: 139618 | J27: Shallow Tubewells | K27: 0.05 | L27: =$K$23*K27 -> 500000 | M27: 400 | N27: =L27/M27 -> 1250 | O27: 15 | P27: =N27*O27 -> 18750 | Q27: =P27+P28+Q6 -> 162545.96 | R27: Shallow Tubewells | S27: Shallow Tubewells | T27: 0.05 | U27: =$T$23*T27 -> 500000 | V27: 460 | W27: =U27/V27 -> 1086.9565 | X27: 15 | Y27: =W27*X27 -> 16304.348 | Z27: =Y27+Y28+Z6 -> 159231.82 | AA27: Shallow Tubewells | AB27: 400 | AC27: 460
A28: Deep Tubewells | B28: 0.07 | C28: 770000 | D28: 6500 | E28: 118 | F28: 50 | G28: 5923 | J28: Deep Tubewells | K28: 0.07 | L28: =$K$23*K28 -> 700000 | M28: 6500 | N28: =L28/M28 -> 107.69231 | O28: 50 | P28: =N28*O28 -> 5384.6154 | R28: Deep Tubewells | S28: Deep Tubewells | T28: 0.07 | U28: =$T$23*T28 -> 700000 | V28: 7750 | W28: =U28/V28 -> 90.322581 | X28: 50 | Y28: =W28*X28 -> 4516.129 | AA28: Deep Tubewells | AB28: 6500 | AC28: 7550
A29: Water Reservoirs | B29: 0.02 | C29: 220000 | D29: 850 | E29: 259 | F29: 50 | G29: 12941 | H29: 36128 | I29: 23187 | J29: Water Reservoirs | K29: 0.02 | L29: =$K$23*K29 -> 200000 | M29: 850 | N29: =L29/M29 -> 235.29412 | O29: 50 | P29: =N29*O29 -> 11764.706 | Q29: =P29+Q8 -> 34363.647 | R29: Water Reservoirs | S29: Water Reservoirs | T29: 0.02 | U29: =$T$23*T29 -> 200000 | V29: 975 | W29: =U29/V29 -> 205.12821 | X29: 50 | Y29: =W29*X29 -> 10256.41 | Z29: =Y29+Z8 -> 32855.351 | AA29: Water Reservoirs | AB29: 850 | AC29: 975
A30: Drains (km) | B30: 0.1 | C30: 1100000 | D30: 15000 | E30: 73 | F30: 500 | G30: 36667 | H30: 134179 | I30: 97512 | J30: Drains (km) | K30: 0.12 | L30: =$K$23*K30 -> 1200000 | M30: 15000 | N30: =L30/M30 -> 80 | O30: 500 | P30: =N30*O30 -> 40000 | Q30: =P30+Q9 -> 135845 | R30: Drains (km) | S30: Drains (km) | T30: 0.12 | U30: =$T$23*T30 -> 1200000 | V30: 17250 | W30: =U30/V30 -> 69.565217 | X30: 500 | Y30: =W30*X30 -> 34782.609 | Z30: =Y30+Z9 -> 130627.61 | AA30: Drains (km) | AB30: 15000 | AC30: 17250
A31: Footpaths | B31: 0.1 | C31: 1100000 | D31: 9000 | E31: 122 | F31: 500 | G31: 61111 | H31: 270582 | I31: 209471 | J31: Footpaths | K31: 0.11 | L31: =$K$23*K31 -> 1100000 | M31: 9000 | N31: =L31/M31 -> 122.22222 | O31: 500 | P31: =N31*O31 -> 61111.111 | Q31: =P31+Q10 -> 267526.78 | R31: Footpaths | S31: Footpaths | T31: 0.11 | U31: =$T$23*T31 -> 1100000 | V31: 10250 | W31: =U31/V31 -> 107.31707 | X31: 500 | Y31: =W31*X31 -> 53658.537 | Z31: =Y31+Z10 -> 260074.2 | AA31: Footpaths | AB31: 9000 | AC31: 10250
A32: Comm. Piped Water Supply | B32: 0.04 | C32: 440000 | D32: 75000 | E32: 6 | F32: 1000 | G32: 5867 | J32: Comm. Piped Water Supply | K32: 0.04 | L32: =$K$23*K32 -> 400000 | M32: 75000 | N32: =L32/M32 -> 5.3333333 | O32: 1000 | P32: =N32*O32 -> 5333.3333 | S32: Comm. Piped Water Supply | T32: 0.04 | U32: =$T$23*T32 -> 400000 | V32: 75000 | W32: =U32/V32 -> 5.3333333 | X32: 1000 | Y32: =W32*X32 -> 5333.3333
A33: Cooking Stoves | B33: 0.07 | C33: 770000 | D33: 12 | E33: 64167 | F33: 1 | G33: 64167 | H33: 188972 | I33: 124805 | J33: Cooking Stoves | K33: 0 | L33: =$K$23*K33 -> 0 | M33: 12 | N33: =L33/M33 -> 0 | O33: 1 | P33: =N33*O33 -> 0 | S33: Cooking Stoves | T33: 0 | U33: =$T$23*T33 -> 0 | V33: 12 | W33: =U33/V33 -> 0 | X33: 1 | Y33: =W33*X33 -> 0
A34: Tubewell Platform | B34: 0.01 | C34: 110000 | D34: 40 | E34: 2750 | F34: 15 | G34: 41250 | J34: Tubewell Platform | K34: 0.02 | L34: =$K$23*K34 -> 200000 | M34: 40 | N34: =L34/M34 -> 5000 | O34: 15 | P34: =N34*O34 -> 75000 | S34: Tubewell Platform | T34: 0.02 | U34: =$T$23*T34 -> 200000 | V34: 40 | W34: =U34/V34 -> 5000 | X34: 15 | Y34: =W34*X34 -> 75000
A35: Market Shades | B35: 0.01 | C35: 110000 | D35: 7000 | E35: 16 | F35: 200 | G35: 3143 | J35: Market Shades | K35: 0.003 | L35: =$K$23*K35 -> 30000 | M35: 7000 | N35: =L35/M35 -> 4.2857143 | O35: 200 | P35: =N35*O35 -> 857.14286 | S35: Market Shades | T35: 0.003 | U35: =$T$23*T35 -> 30000 | V35: 7000 | W35: =U35/V35 -> 4.2857143 | X35: 200 | Y35: =W35*X35 -> 857.14286
A36: Street Lights | B36: 0.002 | C36: 22000 | D36: 120 | E36: 183 | F36: 50 | G36: 9167 | J36: Street Lights | K36: 0.002 | L36: =$K$23*K36 -> 20000 | M36: 120 | N36: =L36/M36 -> 166.66667 | O36: 50 | P36: =N36*O36 -> 8333.3333 | S36: Street Lights | T36: 0.002 | U36: =$T$23*T36 -> 20000 | V36: 120 | W36: =U36/V36 -> 166.66667 | X36: 50 | Y36: =W36*X36 -> 8333.3333
A37: Pond Excavations | B37: 0.02 | C37: 220000 | D37: 6000 | E37: 37 | F37: 200 | G37: 7333 | J37: Pond Excavations | K37: 0.002 | L37: =$K$23*K37 -> 20000 | M37: 6000 | N37: =L37/M37 -> 3.3333333 | O37: 200 | P37: =N37*O37 -> 666.66667 | S37: Pond Excavations | T37: 0.002 | U37: =$T$23*T37 -> 20000 | V37: 6000 | W37: =U37/V37 -> 3.3333333 | X37: 200 | Y37: =W37*X37 -> 666.66667
A38: Faecal sludge management | B38: 0.05 | C38: 550000 | D38: 19000 | E38: 29 | F38: 1000 | G38: 28947 | J38: Faecal sludge management | K38: 0.05 | L38: =$K$23*K38 -> 500000 | M38: 26000 | N38: =L38/M38 -> 19.230769 | O38: 1000 | P38: =N38*O38 -> 19230.769 | S38: Faecal sludge management | T38: 0.05 | U38: =$T$23*T38 -> 500000 | V38: 26000 | W38: =U38/V38 -> 19.230769 | X38: 1000 | Y38: =W38*X38 -> 19230.769
A39: WASH in School | B39: 0.03 | C39: 330000 | D39: 8000 | E39: 41 | F39: 300 | G39: 12375 | J39: WASH in School | K39: 0 | L39: =$K$23*K39 -> 0 | M39: 8000 | N39: =L39/M39 -> 0 | O39: 300 | P39: =N39*O39 -> 0 | S39: WASH in School | T39: 0 | U39: =$T$23*T39 -> 0 | V39: 8000 | W39: =U39/V39 -> 0 | X39: 300 | Y39: =W39*X39 -> 0
A40: Community center | B40: 0.02 | C40: 220000 | D40: 40000 | E40: 6 | F40: 1000 | G40: 5500 | J40: Community center | K40: 0.03 | L40: =$K$23*K40 -> 300000 | M40: 40000 | N40: =L40/M40 -> 7.5 | O40: 1000 | P40: =N40*O40 -> 7500 | S40: Community center | T40: 0.03 | U40: =$T$23*T40 -> 300000 | V40: 40000 | W40: =U40/V40 -> 7.5 | X40: 1000 | Y40: =W40*X40 -> 7500
A41: Shelter improvement | B41: 0.03 | C41: 330000 | D41: 200 | E41: 1650 | F41: 1 | G41: 1650 | J41: Shelter improvement | K41: 0.03 | L41: =$K$23*K41 -> 300000 | M41: 200 | N41: =L41/M41 -> 1500 | O41: 1 | P41: =N41*O41 -> 1500 | S41: Shelter improvement | T41: 0.03 | U41: =$T$23*T41 -> 300000 | V41: 200 | W41: =U41/V41 -> 1500 | X41: 1 | Y41: =W41*X41 -> 1500
A42: Others | B42: 0.028 | C42: 308000 | J42: Others | K42: 0.063 | L42: =$K$23*K42 -> 630000 | S42: Others | T42: 0.063 | U42: =$T$23*T42 -> 630000
B43: 1 | C43: 11000000 | K43: 1 | L43: =$K$23*K43 -> 10000000 | T43: 1 | U43: =$T$23*T43 -> 10000000
A44: 2014 SIF Budget | B44: 240000 | J44: 2014 SIF Budget | K44: 1076756 | L44: <budget in 2014 | S44: 2014 SIF Budget | T44: 1076756 | U44: <budget in 2014
A45: SIF Benefits | B45: Proj. Share of Budget | C45: Proj. Budget | D45: Est. Unit Cost | E45: Projected Number of Units | F45: Est. Number of Beneficiary HH per Unit | G45: Proj. Number of Beneficiary HH | H45: Proj. Cumulative Number of Beneficiary HH | I45: Target for 2013 | J45: SIF Benefits | K45: Proj. Share of Budget | L45: Proj. Budget | M45: Est. Unit Cost | N45: Projected Number of Units | O45: Est. Number of Beneficiary HH per Unit | P45: Proj. Number of Beneficiary HH | Q45: Proj. Cumulative Number of Beneficiary HH | S45: SIF Benefits | T45: Proj. Share of Budget | U45: Proj. Budget | V45: Est. Unit Cost | W45: Projected Number of Units | X45: Est. Number of Beneficiary HH per Unit | Y45: Proj. Number of Beneficiary HH | Z45: Proj. Cumulative Number of Beneficiary HH
A46: Latrines | B46: 0.1 | C46: 24000 | D46: 350 | E46: 69 | F46: 3 | G46: 206 | H46: 177950 | I46: 177744 | J46: Latrines | K46: 0.34 | L46: =$K$44*K46 -> 366097.04 | M46: 350 | N46: =L46/M46 -> 1045.9915 | O46: 3 | P46: =N46*O46 -> 3137.9746 | Q46: =P46+P47+Q25 -> 179752.78 | R46: Latrines | S46: Latrines | T46: 0.34 | U46: =$T$44*T46 -> 366097.04 | V46: 410 | W46: =U46/V46 -> 892.91961 | X46: 3 | Y46: =W46*X46 -> 2678.7588 | Z46: =Y46+Y47+Z25 -> 173118.97
A47: Community Latrines | B47: 0 | C47: $- | D47: 2000 | E47: - | F47: 50 | G47: - | J47: Community Latrines | K47: 0.05 | L47: =$K$44*K47 -> 53837.8 | M47: 2000 | N47: =L47/M47 -> 26.9189 | O47: 50 | P47: =N47*O47 -> 1345.945 | R47: Community Latrines | S47: Community Latrines | T47: 0.05 | U47: =$T$44*T47 -> 53837.8 | V47: 2320 | W47: =U47/V47 -> 23.205948 | X47: 50 | Y47: =W47*X47 -> 1160.2974
A48: Shallow Tubewells | B48: 0 | C48: $- | D48: 400 | E48: - | F48: 15 | G48: - | H48: 166166 | I48: 166166 | J48: Shallow Tubewells | K48: 0.05 | L48: =$K$44*K48 -> 53837.8 | M48: 400 | N48: =L48/M48 -> 134.5945 | O48: 15 | P48: =N48*O48 -> 2018.9175 | Q48: =P48+P49+Q27 -> 165144.67 | R48: Shallow Tubewells | S48: Shallow Tubewells | T48: 0.05 | U48: =$T$44*T48 -> 53837.8 | V48: 460 | W48: =U48/V48 -> 117.0387 | X48: 15 | Y48: =W48*X48 -> 1755.5804 | Z48: =Y48+Y49+Z27 -> 161473.68
A49: Deep Tubewells | B49: 0 | C49: $- | D49: 6500 | E49: - | F49: 50 | G49: - | J49: Deep Tubewells | K49: 0.07 | L49: =$K$44*K49 -> 75372.92 | M49: 6500 | N49: =L49/M49 -> 11.595834 | O49: 50 | P49: =N49*O49 -> 579.79169 | R49: Deep Tubewells | S49: Deep Tubewells | T49: 0.07 | U49: =$T$44*T49 -> 75372.92 | V49: 7750 | W49: =U49/V49 -> 9.7255381 | X49: 50 | Y49: =W49*X49 -> 486.2769
A50: Water Reservoirs | B50: 0 | C50: $- | D50: 850 | E50: - | F50: 50 | G50: - | H50: 36128 | I50: 36128 | J50: Water Reservoirs | K50: 0.02 | L50: =$K$44*K50 -> 21535.12 | M50: 850 | N50: =L50/M50 -> 25.335435 | O50: 50 | P50: =N50*O50 -> 1266.7718 | Q50: =P50+Q29 -> 35630.419 | R50: Water Reservoirs | S50: Water Reservoirs | T50: 0.02 | U50: =$T$44*T50 -> 21535.12 | V50: 975 | W50: =U50/V50 -> 22.087303 | X50: 50 | Y50: =W50*X50 -> 1104.3651 | Z50: =Y50+Z29 -> 33959.717
A51: Drains (km) | B51: 0.06 | C51: 14400 | D51: 15000 | E51: 1 | F51: 500 | G51: 480 | H51: 134658 | I51: 134178 | J51: Drains (km) | K51: 0.12 | L51: =$K$44*K51 -> 129210.72 | M51: 15000 | N51: =L51/M51 -> 8.614048 | O51: 500 | P51: =N51*O51 -> 4307.024 | Q51: =P51+Q30 -> 140152.02 | R51: Drains (km) | S51: Drains (km) | T51: 0.12 | U51: =$T$44*T51 -> 129210.72 | V51: 17250 | W51: =U51/V51 -> 7.4904765 | X51: 500 | Y51: =W51*X51 -> 3745.2383 | Z51: =Y51+Z30 -> 134372.85
A52: Footpaths | B52: 0.05 | C52: 12000 | D52: 9000 | E52: 1 | F52: 500 | G52: 667 | H52: 271249 | I52: 270582 | J52: Footpaths | K52: 0.11 | L52: =$K$44*K52 -> 118443.16 | M52: 9000 | N52: =L52/M52 -> 13.160351 | O52: 500 | P52: =N52*O52 -> 6580.1756 | Q52: =P52+Q31 -> 274106.95 | R52: Footpaths | S52: Footpaths | T52: 0.11 | U52: =$T$44*T52 -> 118443.16 | V52: 10250 | W52: =U52/V52 -> 11.55543 | X52: 500 | Y52: =W52*X52 -> 5777.7151 | Z52: =Y52+Z31 -> 265851.92
A53: Others | B53: =100%-SUM(B46:B52) -> 0.79 | C53: =B44*B53 -> 189600 | J53: Others | K53: =100%-SUM(K46:K52) -> 0.24 | L53: =$K$44*K53 -> 258421.44 | S53: Others | T53: =100%-SUM(T46:T52) -> 0.24 | U53: =$T$44*T53 -> 258421.44
A54: Comm. Piped Water Supply | B54: 0 | C54: $- | D54: 75000 | E54: - | F54: 1000 | G54: - | J54: Comm. Piped Water Supply | K54: 0.04 | L54: =$K$44*K54 -> 43070.24 | M54: 75000 | N54: =L54/M54 -> 0.57426987 | O54: 1000 | P54: =N54*O54 -> 574.26987 | S54: Comm. Piped Water Supply | T54: 0.04 | U54: =$T$44*T54 -> 43070.24 | V54: 75000 | W54: =U54/V54 -> 0.57426987 | X54: 1000 | Y54: =W54*X54 -> 574.26987
A55: Cooking Stoves | B55: 0.02 | C55: 4800 | D55: 12 | E55: 400 | F55: 1 | G55: 400 | H55: 189372 | I55: 188972 | J55: Cooking Stoves | K55: 0 | L55: =$K$44*K55 -> 0 | M55: 12 | N55: =L55/M55 -> 0 | O55: 1 | P55: =N55*O55 -> 0 | S55: Cooking Stoves | T55: 0 | U55: =$T$44*T55 -> 0 | V55: 12 | W55: =U55/V55 -> 0 | X55: 1 | Y55: =W55*X55 -> 0
A56: Tubewell Platform | B56: 0 | C56: $- | D56: 40 | E56: - | F56: 15 | G56: - | J56: Tubewell Platform | K56: 0.02 | L56: =$K$44*K56 -> 21535.12 | M56: 40 | N56: =L56/M56 -> 538.378 | O56: 15 | P56: =N56*O56 -> 8075.67 | S56: Tubewell Platform | T56: 0.02 | U56: =$T$44*T56 -> 21535.12 | V56: 40 | W56: =U56/V56 -> 538.378 | X56: 15 | Y56: =W56*X56 -> 8075.67
A57: Market Shades | B57: 0 | C57: $- | D57: 7000 | E57: - | F57: 200 | G57: - | J57: Market Shades | K57: 0.003 | L57: =$K$44*K57 -> 3230.268 | M57: 7000 | N57: =L57/M57 -> 0.46146686 | O57: 200 | P57: =N57*O57 -> 92.293371 | S57: Market Shades | T57: 0.003 | U57: =$T$44*T57 -> 3230.268 | V57: 7000 | W57: =U57/V57 -> 0.46146686 | X57: 200 | Y57: =W57*X57 -> 92.293371
A58: Street Lights | B58: 0 | C58: $- | D58: 120 | E58: - | F58: 50 | G58: - | J58: Street Lights | K58: 0.002 | L58: =$K$44*K58 -> 2153.512 | M58: 120 | N58: =L58/M58 -> 17.945933 | O58: 50 | P58: =N58*O58 -> 897.29667 | S58: Street Lights | T58: 0.002 | U58: =$T$44*T58 -> 2153.512 | V58: 120 | W58: =U58/V58 -> 17.945933 | X58: 50 | Y58: =W58*X58 -> 897.29667
A59: Pond Excavations | B59: 0 | C59: $- | D59: 6000 | E59: - | F59: 200 | G59: - | J59: Pond Excavations | K59: 0.002 | L59: =$K$44*K59 -> 2153.512 | M59: 6000 | N59: =L59/M59 -> 0.35891867 | O59: 200 | P59: =N59*O59 -> 71.783733 | S59: Pond Excavations | T59: 0.002 | U59: =$T$44*T59 -> 2153.512 | V59: 6000 | W59: =U59/V59 -> 0.35891867 | X59: 200 | Y59: =W59*X59 -> 71.783733
A60: Faecal sludge management | B60: 0 | C60: $- | D60: 19000 | E60: - | F60: 1000 | G60: - | J60: Faecal sludge management | K60: 0.05 | L60: =$K$44*K60 -> 53837.8 | M60: 26000 | N60: =L60/M60 -> 2.0706846 | O60: 1000 | P60: =N60*O60 -> 2070.6846 | S60: Faecal sludge management | T60: 0.05 | U60: =$T$44*T60 -> 53837.8 | V60: 26000 | W60: =U60/V60 -> 2.0706846 | X60: 1000 | Y60: =W60*X60 -> 2070.6846
A61: WASH in School | B61: 0 | C61: $- | D61: 8000 | E61: - | F61: 300 | G61: - | J61: WASH in School | K61: 0 | L61: =$K$44*K61 -> 0 | M61: 8000 | N61: =L61/M61 -> 0 | O61: 300 | P61: =N61*O61 -> 0 | S61: WASH in School | T61: 0 | U61: =$T$44*T61 -> 0 | V61: 8000 | W61: =U61/V61 -> 0 | X61: 300 | Y61: =W61*X61 -> 0
A62: community center | B62: 0 | C62: $- | D62: 40000 | E62: - | F62: 1000 | G62: - | J62: community center | K62: 0.03 | L62: =$K$44*K62 -> 32302.68 | M62: 40000 | N62: =L62/M62 -> 0.807567 | O62: 1000 | P62: =N62*O62 -> 807.567 | S62: community center | T62: 0.03 | U62: =$T$44*T62 -> 32302.68 | V62: 40000 | W62: =U62/V62 -> 0.807567 | X62: 1000 | Y62: =W62*X62 -> 807.567
A63: Shelter improvement | B63: 0.05 | C63: 12000 | D63: 200 | E63: 60 | F63: 1 | G63: 60 | J63: Shelter improvement | K63: 0.03 | L63: =$K$44*K63 -> 32302.68 | M63: 200 | N63: =L63/M63 -> 161.5134 | O63: 1 | P63: =N63*O63 -> 161.5134 | S63: Shelter improvement | T63: 0.03 | U63: =$T$44*T63 -> 32302.68 | V63: 200 | W63: =U63/V63 -> 161.5134 | X63: 1 | Y63: =W63*X63 -> 161.5134
A64: Operations and Maintenance | B64: 0.72 | C64: 172800 | J64: Other | K64: 0.063 | L64: =$K$44*K64 -> 67835.628 | S64: Other | T64: 0.063 | U64: =$T$44*T64 -> 67835.628
B65: =SUM(B46:B53) -> 1 | C65: =SUM(C46:C53) -> 240000 | K65: =SUM(K46:K53) -> 1 | L65: =SUM(L46:L53) -> 1076756 | T65: =SUM(T46:T53) -> 1 | U65: =SUM(U46:U53) -> 1076756
B67: 22240000 | K67: 21576756 | L67: TOTAL | T67: 21576756 | U67: TOTAL
K68: 663244 | L68: variance with original | T68: 663244 | U68: variance with original

Sheet SEF Budget & Benef. '12-'14
A1: 2012 SEF Budget | B1: 6100000
A2: SEF Benefits | B2: Proj. Share of Budget | C2: Proj. Budget | D2: Spending without carry over | E2: Est. Unit Cost | F2: Projected Number of Units | G2: Est. Number of Beneficiaries per Unit | H2: Proj. Number of Beneficiaries | I2: Proj. Cumulative Number of Beneficiaries | J2: Remarks
A3: Apprenticeships | B3: 0.2 | C3: =B$1*B3 -> 1220000 | D3: =C3-K5 -> 857941 | E3: 110 | F3: =D3/E3 -> 7799.4636 | G3: 1 | H3: =F3*G3 -> 7799.4636 | I3: 46532.464 | K3: 2012 | L3: 2013
A4: Block Grants | B4: 0.35 | C4: =B$1*B4 -> 2135000 | D4: =C4-K15 -> 2127218 | E4: 60 | F4: =D4/E4 -> 35453.633 | G4: 1 | H4: =F4*G4 -> 35453.633 | I4: 90992.633 | J4: APPRENTICESHIP GRANT DETAILS | K4: Budget | L4: Budget | M4: Budget
A5: Education Grants | B5: 0.2 | C5: =B$1*B5 -> 1220000 | D5: =C5-K10 -> 839215 | E5: 60 | F5: =D5/E5 -> 13986.917 | G5: 1 | H5: =F5*G5 -> 13986.917 | I5: 61363.917 | J5: Trainees under multi-year budget | K5: 362059 | L5: 79876.8 | M5: =L5*K5 -> 2.8920114e+10
A6: Social Development Grants | B6: 0.2 | C6: =B$1*B6 -> 1220000 | D6: =C6 -> 1220000 | E6: N/A | F6: N/A | G6: N/A | H6: N/A | I6: N/A | J6: New trainees | K6: 857941 | L6: 1870123 | M6: =M7-M5 -> -2.8918164e+10
A7: UFP Grants (SIS) | B7: 0.05 | C7: =B$1*B7 -> 305000 | D7: =C7 -> 305000 | E7: 10 | F7: =C7/E7 -> 30500 | G7: 1 | H7: =F7*G7 -> 30500 | I7: 77311 | J7: Total | K7: =SUM(K5:K6) -> 1220000 | L7: =SUM(L5:L6) -> 1949999.8 | M7: =C10 -> 1950000
A8: 2013 SEF Budget | B8: 6500000
A9: SEF Benefits | B9: Proj. Share of Budget | C9: Proj. Budget | D9: Spending without carry over | E9: Est. Unit Cost | F9: Projected Number of Units | G9: Est. Number of Beneficiary HH per Unit | H9: Proj. Number of Beneficiaries | I9: Proj. Cumulative Number of Beneficiaries | J9: EDUCATION GRANT DETAILS: | L9: Budget | M9: Budget
A10: Apprenticeships | B10: 0.3 | C10: =B$8*B10 -> 1950000 | D10: =C10-79877 -> 1870123 | E10: 110 | F10: =D10/E10 -> 17001.118 | G10: 1 | H10: =F10*G10 -> 17001.118 | I10: =SUM(H10,I3) -> 63533.582 | J10: Students under multi-year budget | K10: 380785 | L10: 341460 | M10: =L10*K10 -> 130022846100
A11: Block Grants | B11: 0.25 | C11: =B$8*B11 -> 1625000 | D11: =C11 -> 1625000 | E11: 70 | F11: =C11/E11 -> 23214.286 | G11: 1 | H11: =F11*G11 -> 23214.286 | I11: =SUM(H11,I4) -> 114206.92 | J11: New students | K11: 839215 | L11: 1738450 | M11: =L11*K11 -> 1458933316750
A12: Education Grants | B12: 0.32 | C12: =B$8*B12 -> 2080000 | D12: =C12-341460 -> 1738540 | E12: 55 | F12: =D12/E12 -> 31609.818 | G12: 1 | H12: =F12*G12 -> 31609.818 | I12: =SUM(H12,I5) -> 92973.735 | J12: Total | K12: =SUM(K10:K11) -> 1220000 | L12: =SUM(L10:L11) -> 2079910 | M12: =L12*K12 -> 2537490200000
A13: Social Development Grants | B13: 0.08 | C13: =B$8*B13 -> 520000 | D13: =C13 -> 520000 | E13: N/A | F13: N/A | G13: N/A | H13: N/A | I13: N/A | M13: =M11+M10+M12 -> 4126446362850
A14: UFP Grants | B14: 0.05 | C14: =B$8*B14 -> 325000 | D14: =C14 -> 325000 | E14: 10 | F14: =D14/E14 -> 32500 | G14: 1 | H14: =F14*G14 -> 32500 | I14: =SUM(H14,I7) -> 109811 | J14: BLOCK GRANT DETAILS: | L14: Budget
A15: 2014 SEF Budget | B15: 500000 | J15: Beneficiaries under multi year grants | K15: 7782 | L15: 0
A16: SEF Benefits | B16: Proj. Share of Budget | C16: Proj. Budget | D16: Spending without carry over | E16: Est. Unit Cost | F16: Projected Number of Units | G16: Est. Number of Beneficiary HH per Unit | H16: Proj. Number of Beneficiaries | I16: Proj. Cumulative Number of Beneficiaries | J16: New beneficiaires | K16: 2127218 | L16: 0
A17: Apprenticeships | B17: 0.3 | C17: =B$15*B17 -> 150000 | D17: =C17 -> 150000 | E17: 110 | F17: =C17/E17 -> 1363.6364 | G17: 1 | H17: =F17*G17 -> 1363.6364 | I17: =SUM(I10,H17) -> 64897.218 | J17: Total | K17: =SUM(K15:K16) -> 2135000 | L17: =SUM(L15:L16) -> 0
A18: Block Grants | B18: 0.24 | C18: =B$15*B18 -> 120000 | D18: =C18 -> 120000 | E18: 70 | F18: =C18/E18 -> 1714.2857 | G18: 1 | H18: =F18*G18 -> 1714.2857 | I18: =SUM(I11,H18) -> 115921.2 | J18: NOTE
A19: Education Grants | B19: 0.32 | C19: =B$15*B19 -> 160000 | D19: =C19 -> 160000 | E19: 55 | F19: =D19/E19 -> 2909.0909 | G19: 1 | H19: =F19*G19 -> 2909.0909 | I19: =SUM(I12,H19) -> 95882.826 | J19: AG, 2012; Carryover grant of 362,059 USD for 11,531 trainees and new 7,799 trainees will receive the grant.
A20: Social Development Grants | B20: 0.09 | C20: =B$15*B20 -> 45000 | D20: =C20 -> 45000 | E20: N/A | F20: N/A | G20: N/A | H20: N/A | I20: N/A | J20: EG, 2012; Carryover grant of 380,785 USD for 18,817 students and new 19,070 grants will be given.
A21: UFP Grants | B21: 0.05 | C21: =B$15*B21 -> 25000 | D21: =C21 -> 25000 | E21: 10 | F21: =D21/E21 -> 2500 | G21: 1 | H21: =F21*G21 -> 2500 | I21: =SUM(I14,H21) -> 112311 | J21: BG, 2012; Carryover grant of 7,782 USD for 2,199 bussiness starter and new 36,444 grants will be given.
J22: AG, 2013; Carryover grant of 79,877 USD for 2322 trainees and new 17,001 trainees will receive the grant.
J23: EG, 2013; Carryover grant of 341,460 USD for 11,382 students and new 23,214 grants will be given.
